 Dungeon Crawl Stone Soup version 0.25-a0-316-gd28d56f9c5 (webtiles) character file.

Game seed: 6670675180837816217, levelgen mode: classic

42 Borgoz the Skirmisher (level 3, -7/34 HPs)
             Began as a Gargoyle Berserker on Dec 24, 2019.
             Was a Follower of Trog.
             Mangled by a gnoll
             ... wielding a +0 spear
              (9 damage)
             ... on level 2 of the Dungeon.
             The game lasted 00:00:45 (834 turns).

Borgoz the Skirmisher (Gargoyle Berserker)           Turns: 834, Time: 00:00:46

Health: -7/34      AC:  5    Str: 25    XL:     3   Next: 54%
Magic:  3/3        EV: 12    Int:  7    God:    Trog [*.....]
Gold:   49         SH:  0    Dex: 10    Spells: 2/2 levels left

rFire    . . .     SeeInvis .   a - +0 hand axe
rCold    . . .     Gourm    .   (no shield)
rNeg     + . .     Faith    .   b - +0 animal skin
rPois    ∞         Spirit   .   (no helmet)
rElec    +         Reflect  .   (no cloak)
rCorr    .         Harm     .   (no gloves)
MR       .....                  (no boots)
Stlth    ..........             (no amulet)
HPRegen  0.11/turn              i - ring of stealth
MPRegen  0.08/turn              (no ring)

@: berserking, very quick
A: negative energy resistance 1, electricity resistance, unbreathing,
petrification resistance, rot immunity, AC +3
a: Berserk, Renounce Religion


You were on level 2 of the Dungeon.
You worshipped Trog.
Trog was aware of your devotion.
You were hungry.

You visited 1 branch of the dungeon, and saw 2 of its levels.

You collected 49 gold pieces.

Inventory:

Hand Weapons
 a - a +0 hand axe (weapon)
Armour
 b - a +0 animal skin (worn)
Jewellery
 i - a ring of stealth (left hand)
Scrolls
 d - a scroll of immolation {unknown}
 e - a scroll of teleportation {unknown}
 g - a scroll of remove curse {unknown}
Potions
 h - 2 potions of degeneration {unknown}
Comestibles
 c - 4 rations
 f - 3 chunks of flesh


   Skills:
 + Level 3.6 Fighting
 * Level 3.2 Axes
 + Level 2.5 Armour
 * Level 2.2 Dodging


You had 2 spell levels left.
You didn't know any spells.
Your spell library was empty.

Dungeon Overview and Level Annotations

Branches:
Dungeon (2/15)

Altars:


Innate Abilities, Weirdness & Mutations

You are resistant to torment.
Your stone body is resilient. (AC +3)
You are immune to poison.
You resist negative energy. (rN+)
You are resistant to electric shocks. (rElec)
You can survive without breathing.
You are immune to petrification.
You are immune to rotting.


Message History

You barely miss the gnoll.
The gnoll is heavily wounded.
You closely miss the leopard gecko. You hit the gnoll. You slash the kobold!
You kill the kobold!
Trog accepts your kill.
The leopard gecko bites you but does no damage.
The gnoll hits you but does no damage. The gnoll closely misses you.
The gnoll hits you from afar with a +0 spear!
* * * LOW HITPOINT WARNING * * *
You closely miss the gnoll.
The gnoll is heavily wounded.
You slash the leopard gecko!
You kill the leopard gecko!
Trog accepts your kill.
You closely miss the gnoll. The gnoll barely misses you.
You hit the gnoll.
The gnoll is almost dead.
You barely miss the gnoll. You closely miss the gnoll.
The gnoll hits you from afar with a +0 spear!
You die...

###.........
####.###............
.......<..........).
####.####..........)
#........... .
#.!.........
....#.#.........
#......gg.....
###.##@g......
#..)g†......
#......l.....
.........>.....
...............
#........#.....
#.......##.?≈≈.
##......# .≈.%≈


You could see 4 gnolls and a frilled lizard.

Vanquished Creatures
  Natasha (D:2)
  A leopard gecko (D:2)
  A giant cockroach (D:1)
  3 hobgoblins (D:1)
  A kobold (D:2)
  3 bats (D:1)
  3 goblins (D:1)
  2 rats (D:1)
15 creatures vanquished.

Notes
Turn   | Place    | Note
-------+----------+-------------------------------------------
     0 | D:1      | Borgoz the Gargoyle Berserker began the quest for the Orb.
     0 | D:1      | Reached XP level 1. HP: 14/14 MP: 1/1
   500 | D:1      | Reached XP level 2. HP: 19/19 MP: 2/2
   820 | D:2      | Noticed Natasha
   831 | D:2      | Killed Natasha
   831 | D:2      | Reached XP level 3. HP: 15/23 MP: 3/3
   834 | D:2      | Mangled by a gnoll

Levels and vault maps discovered:
D:1:      dpeg_arrival_rooms_with_view, layout_loops_ring, wad_woods_river_04,
          minmay_tiny_reverse_x
D:2:      cheibrodos_helix_gallery, layout_rooms, uniq_natasha, uniq_jessica

Skill      XL: |  1  2 |
---------------+-------+-----
Axes           | 3 |  3.2
Dodging        | 2 |  2.2
Fighting       | |  3.6
Armour         | |  2.5

Action                   || total
-------------------------++-------
Melee: Hand axe          ||    45
Invok: Berserk           ||     1
Armor: Animal skin       ||    15
Dodge: Dodged            ||    37

Table legend:
 A = Non-vault XP
 B = Vault XP
 C = Vault XP percentage of total XP
 D = Non-vault monster count
 E = Vault monster count
 F = Vault count percentage of total count
                 A         B        C        D         E       F
            +---------+---------+-------+---------+---------+-------
      Total |      16 |      44 |  73.3 |       9 |       6 |  40.0
            +---------+---------+-------+---------+---------+-------
        D:1 |      14 |       6 |  30.0 |       8 |       4 |  33.3
        D:2 |       2 |      38 |  95.0 |       1 |       2 |  66.7
            +---------+---------+-------+---------+---------+-------
